Map: [ESL] Site Delta

Players

MaxPax - Winner!

  • Race: Protoss Protoss
  • Spawn Location: 5:00

ONSYDESolar (Solar)

  • Race: Zerg Zerg
  • Spawn Location: 11:00

VOD

https://www.youtube.com/watch?v=8uB2nk-LyO0

Description

Time

  • Played on: Jan. 29, 2024, 8:02 p.m.
  • Length: 15:10
Show
View Real Time Build Order
Export as new Build Order

MaxPax Protoss - Winner!

Build Orders: 1 Gate Expand, Oracle Opening 

Get SALT Encoding   

  12  0:00  Probe  
  13  0:12  Probe  
  14  0:20  Pylon  
  14  0:25  Probe  
  15  0:38  Probe (Chrono Boost)  
  15  0:40  Gateway  
  16  0:47  Probe (Chrono Boost)  
  16  0:48  Assimilator  
  17  0:52  Probe (Chrono Boost)  
  18  1:04  Probe  
  19  1:17  Probe  
  20  1:26  Nexus  
  20  1:37  Cybernetics Core  
  20  1:40  Probe  
  20  1:46  Assimilator  
  21  1:52  Probe  
  22  1:55  Pylon  
  22  2:04  Probe (Chrono Boost)  
  23  2:13  Adept  
  26  2:16  Probe (Chrono Boost)  
  26  2:17  Stargate  
  26  2:21  Probe (Chrono Boost)  
  27  2:27  Warp Gate  
  27  2:32  Probe (Chrono Boost)  
  28  2:38  Probe (Chrono Boost)  
  28  2:43  Stalker  
  32  2:47  Probe x2 (Chrono Boost)  
  33  2:52  Probe (Chrono Boost)  
  33  2:54  Probe  
  35  3:01  Oracle (Chrono Boost)  
  35  3:04  Probe  
  39  3:06  Probe  
  39  3:07  Pylon  
  40  3:16  Gateway, Probe  
  40  3:19  Probe  
  42  3:28  Probe  
  42  3:29  Oracle (Chrono Boost)  
  42  3:31  Probe  
  47  3:43  Nexus  
  47  3:46  Pylon  
  47  3:47  Probe  
  48  3:49  Probe  
  49  3:59  Probe  
  50  4:03  Probe  
  50  4:05  Oracle (Chrono Boost)  
  50  4:06  Assimilator  
  50  4:07  Assimilator  
  54  4:12  Probe  
  54  4:15  Probe  
  56  4:24  Adept x2, Probe  
  57  4:28  Probe  
  61  4:36  Probe  
  61  4:37  Pylon  
  62  4:39  Twilight Council  
  62  4:40  Forge  
  62  4:45  Pylon  
  62  4:55  Probe x2 (Chrono Boost), Adept x2  
  62  4:56  Probe (Chrono Boost)  
  69  5:05  Probe x2 (Chrono Boost)  
  69  5:06  Probe (Chrono Boost)  
  72  5:10  Probe x2 (Chrono Boost)  
  74  5:15  Protoss Ground Weapons Level 1 (Chrono Boost), Probe  
  75  5:21  Probe x2  
  75  5:22  Gateway, Blink (Chrono Boost)  
  75  5:24  Gateway  
  75  5:26  Gateway  
  75  5:27  Probe  
  78  5:30  Gateway  
  78  5:33  Probe x2  
  78  5:34  Shield Battery  
  80  5:42  Probe  
  81  5:44  Stalker  
  81  5:45  Probe, Stalker  
  81  5:47  Robotics Facility  
  81  5:48  Pylon  
  86  5:53  Probe  
  87  6:00  Probe  
  87  6:03  Probe  
  89  6:09  Stalker x2, Probe  
  84  6:14  Shield Battery  
  84  6:17  Pylon  
  84  6:18  Pylon  
  84  6:19  Shield Battery  
  84  6:20  Stalker x2  
  88  6:25  Stalker x2  
  88  6:28  Nexus  
  92  6:36  Observer  
  92  6:39  Robotics Facility, Probe x2  
  95  6:41  Robotics Bay  
  95  6:42  Assimilator  
  95  6:46  Assimilator  
  95  6:48  Photon Cannon  
  95  6:49  Stalker x3  
  95  6:50  Pylon  
  101  6:57  Probe  
  101  6:58  Stalker x3  
  101  7:01  Probe  
  109  7:08  Shield Battery  
  109  7:09  Pylon, Charge  
  109  7:11  Probe  
  109  7:14  Probe  
  111  7:17  Stalker  
  111  7:18  Stalker x2  
  111  7:22  Probe  
  118  7:30  Colossus (Chrono Boost)  
  118  7:31  Probe  
  118  7:34  Probe  
  118  7:35  Colossus (Chrono Boost)  
  132  7:42  Probe  
  133  7:51  Probe  
  134  7:56  Probe  
  134  7:58  Extended Thermal Lance, Probe x2  
  134  8:01  Protoss Ground Weapons Level 2 (Chrono Boost)  
  134  8:03  Probe  
  134  8:05  Gateway  
  136  8:06  Gateway  
  136  8:07  Colossus (Chrono Boost)  
  136  8:08  Probe  
  136  8:09  Gateway  
  136  8:10  Probe x2  
  136  8:12  Gateway  
  145  8:15  Pylon  
  145  8:19  Pylon  
  145  8:22  Zealot  
  145  8:24  Pylon  
  147  8:28  Pylon  
  149  8:35  Assimilator  
  149  8:36  Warp Prism (Chrono Boost), Assimilator  
  149  8:37  Pylon  
  149  8:39  Stalker x4  
  149  8:40  Stalker  
  159  8:47  Colossus (Chrono Boost)  
  159  8:48  Probe x2  
  159  8:51  Probe  
  159  8:52  Templar Archives  
  166  8:55  Pylon  
  166  9:07  Stalker x7  
  178  9:16  Zealot x3  
  176  9:49  Observer, Zealot x3, Psionic Storm  
  176  9:50  Zealot x2  
  177  9:53  Pylon  
  177  9:58  Colossus (Chrono Boost)  
  160  10:02  Zealot  
  160  10:03  Zealot  
  160  10:05  High Templar x2  
  160  10:06  High Templar x2  
  172  10:10  Gateway  
  172  10:11  Probe  
  172  10:12  Gateway  
  172  10:13  Pylon  
  177  10:16  Immortal (Chrono Boost)  
  177  10:20  High Templar x2  
  181  10:21  Zealot x2  
  181  10:22  Nexus  
  181  10:24  Photon Cannon  
  181  10:26  Archon  
  181  10:27  Shield Battery  
  185  10:28  Pylon  
  185  10:35  High Templar  
  185  10:36  High Templar  
  185  10:41  Zealot x5, Archon  
  199  10:48  Protoss Ground Weapons Level 3 (Chrono Boost)  
  199  10:56  Pylon  
  199  10:58  Photon Cannon  
  199  11:00  Photon Cannon  
  195  11:09  Photon Cannon  
  195  11:11  Photon Cannon  
  195  11:12  Shield Battery  
  195  11:14  Zealot x2  
  195  11:30  Zealot x7  
  187  11:53  Zealot x11  
  185  12:04  Probe  
  182  12:09  Immortal  
  182  12:13  Stargate  
  186  12:16  Stargate  
  186  12:20  Fleet Beacon  
  180  12:28  Assimilator  
  180  12:29  High Templar x4, Assimilator  
  182  12:30  High Templar x3  
  182  12:31  High Templar, Protoss Air Weapons Level 1 (Chrono Boost)  
  182  12:35  Archon x3  
  182  12:36  High Templar x3, Archon  
  190  12:37  High Templar  
  190  12:39  Pylon  
  190  12:40  Archon  
  184  12:47  Archon  
  184  12:52  Archon x2  
  184  13:03  Zealot x8  
  190  13:07  Carrier (Chrono Boost)  
  178  13:13  Zealot  
  178  13:14  Zealot x3  
  178  13:19  Protoss Ground Armor Level 1 (Chrono Boost)  
  198  13:20  Carrier (Chrono Boost)  
  198  13:33  Nexus  
  198  13:34  Pylon  
  198  13:39  High Templar x2  
  198  13:40  High Templar  
  180  13:41  High Templar x2  
  180  13:42  High Templar x2, Zealot x5  
  180  13:45  Probe x2  
  200  13:52  Archon x2  
  200  14:03  Photon Cannon  
  200  14:04  Photon Cannon  
  200  14:06  Photon Cannon  
  200  14:08  Shield Battery  
  190  14:33  Archon  
  190  14:36  Zealot x2  
  190  14:37  Zealot x10  
Show
View Real Time Build Order
Export as new Build Order

ONSYDESolar Zerg 

Build Orders: Hatch First 

Get SALT Encoding   

  12  0:00  Drone  
  13  0:12  Overlord  
  13  0:17  Drone  
  14  0:42  Hatchery  
  14  0:45  Drone  
  14  0:49  Drone  
  15  0:52  Drone  
  17  0:57  Drone  
  17  1:07  Drone  
  17  1:11  Extractor  
  17  1:20  Spawning Pool  
  17  1:24  Drone  
  17  1:28  Drone  
  18  1:41  Drone  
  19  1:51  Drone  
  20  1:56  Drone  
  21  2:02  Overlord  
  21  2:07  Queen x2  
  25  2:09  Zergling x2  
  25  2:12  Zergling x2  
  27  2:17  Drone  
  27  2:22  Metabolic Boost  
  28  2:23  Drone  
  28  2:28  Drone  
  30  2:33  Drone  
  31  2:41  Hatchery  
  30  2:47  Queen  
  32  2:52  Overlord  
  32  2:54  Drone  
  32  2:57  Drone  
  34  3:00  Drone  
  34  3:01  Drone  
  36  3:10  Queen  
  36  3:11  Drone x2  
  40  3:17  Drone x2  
  40  3:19  Drone  
  43  3:23  Overlord  
  43  3:31  Drone  
  44  3:37  Overlord  
  44  3:41  Queen  
  44  3:43  Zergling x4  
  48  3:53  Queen  
  48  3:55  Drone, Spore Crawler, Queen  
  51  3:57  Drone x3  
  51  3:59  Overlord  
  51  4:01  Drone x2  
  51  4:02  Drone  
  58  4:05  Spore Crawler  
  58  4:08  Drone  
  58  4:11  Spore Crawler  
  58  4:12  Drone  
  58  4:13  Overlord  
  58  4:18  Overlord  
  58  4:22  Drone x3  
  60  4:26  Drone x3  
  60  4:27  Drone  
  60  4:30  Drone x2  
  64  4:34  Evolution Chamber  
  64  4:35  Drone  
  64  4:37  Drone  
  65  4:42  Drone x2  
  67  4:46  Extractor  
  67  4:49  Drone x3  
  69  4:54  Spore Crawler  
  69  4:56  Drone  
  69  4:59  Zergling x4  
  71  5:05  Zergling x12  
  71  5:06  Zerg Melee Weapons Level 1  
  76  5:09  Overlord  
  76  5:10  Drone x2  
  76  5:13  Drone  
  79  5:16  Overlord  
  79  5:22  Drone  
  80  5:28  Drone x2  
  80  5:30  Lair  
  80  5:33  Zergling x8  
  80  5:35  Hatchery  
  84  5:38  Overlord  
  84  5:39  Zergling x4  
  84  5:40  Zergling x10  
  91  5:43  Roach Warren  
  91  5:45  Extractor  
  89  5:50  Drone x3  
  92  5:58  Overlord  
  92  6:02  Drone x4  
  90  6:05  Drone  
  90  6:06  Drone  
  90  6:09  Drone x3  
  92  6:13  Extractor x2  
  92  6:18  Drone x2  
  92  6:21  Overlord  
  91  6:27  Glial Reconstitution, Roach x3  
  91  6:28  Zergling x8  
  91  6:31  Drone x2  
  103  6:37  Roach x3  
  103  6:38  Infestation Pit  
  108  6:41  Overlord  
  108  6:43  Zergling x2  
  109  6:49  Queen  
  109  6:51  Drone x6  
  117  6:56  Drone x5, Hatchery  
  117  6:58  Overlord  
  120  7:03  Roach  
  120  7:04  Roach  
  120  7:05  Roach x2  
  120  7:07  Zerg Melee Weapons Level 2  
  120  7:08  Zergling x2, Roach  
  131  7:11  Baneling Nest, Overlord  
  131  7:14  Evolution Chamber  
  129  7:16  Zergling x8  
  129  7:19  Drone  
  129  7:20  Extractor  
  129  7:21  Hive  
  129  7:22  Zergling x4  
  135  7:25  Zergling x6  
  135  7:29  Zergling x8  
  139  7:34  Zergling x10  
  144  7:37  Queen  
  144  7:40  Zergling x4  
  144  7:42  Overlord  
  144  7:43  Overlord  
  144  7:44  Overseer  
  148  7:45  Roach x2  
  148  7:49  Roach  
  148  7:53  Zergling x10  
  148  7:55  Zergling x8  
  152  7:59  Overlord  
  152  8:00  Zerg Missile Weapons Level 1  
  152  8:01  Centrifugal Hooks  
  152  8:02  Roach x2  
  156  8:05  Drone x2  
  156  8:08  Pneumatized Carapace  
  156  8:10  Drone x2  
  156  8:11  Spore Crawler  
  159  8:14  Zergling x8  
  159  8:19  Zergling x4  
  162  8:22  Zergling x6, Roach x2  
  162  8:24  Drone x4  
  171  8:29  Overlord  
  171  8:30  Zergling x2, Extractor  
  171  8:33  Zergling x2  
  170  8:39  Zergling x6  
  170  8:42  Zergling x4  
  170  8:46  Zergling x16  
  176  8:50  Viper x2  
  176  8:52  Adrenal Glands  
  182  8:55  Overlord x2  
  182  8:56  Drone x2  
  182  8:58  Zergling x8  
  186  9:04  Baneling x13  
  186  9:05  Overlord  
  186  9:07  Zergling x6  
  188  9:14  Zergling x8  
  189  9:18  Roach x3  
  181  9:24  Roach x3  
  181  9:25  Zergling x12  
  181  9:28  Baneling x2  
  181  9:29  Zergling x10  
  196  9:36  Zergling x6  
  199  9:41  Zergling x2  
  193  9:50  Zergling x16  
  191  9:56  Zergling x14  
  191  10:02  Baneling x8  
  191  10:05  Zergling x14, Spore Crawler  
  197  10:09  Zerg Melee Weapons Level 3, Zerg Missile Weapons Level 2  
  197  10:10  Drone  
  197  10:11  Zergling x2  
  197  10:13  Baneling x9  
  199  10:18  Zergling x2  
  199  10:20  Overseer  
  200  10:37  Spire  
  200  10:42  Zergling x2  
  200  10:44  Hatchery  
  200  10:45  Zergling x6  
  199  10:52  Zergling x2  
  200  10:59  Overlord  
  200  11:01  Overlord  
  200  11:02  Overlord  
  195  11:06  Zergling x6  
  195  11:10  Overlord  
  195  11:11  Baneling x10  
  197  11:20  Zergling x4  
  197  11:24  Zergling x8  
  198  11:27  Zergling x14  
  198  11:28  Zergling x2  
  198  11:29  Zergling x10  
  198  11:30  Zergling x4  
  198  11:44  Zergling x4  
  192  11:47  Hatchery  
  192  11:48  Zergling x10  
  192  11:49  Zergling x26  
  192  11:51  Baneling x11  
  192  11:52  Greater Spire  
  192  11:57  Roach x3  
  192  11:59  Roach x2  
  186  12:04  Roach x2  
  185  12:10  Zergling x10  
  185  12:14  Zergling x8  
  192  12:19  Roach  
  190  12:23  Zergling x8  
  192  12:31  Zergling x6  
  192  12:33  Baneling x19  
  192  12:35  Zergling x8  
  192  12:36  Zergling x2  
  198  12:37  Overseer  
  198  12:41  Baneling x2  
  198  12:42  Baneling  
  196  12:48  Zergling x14  
  188  12:53  Hatchery  
  188  12:55  Zergling x6  
  188  12:57  Baneling x12  
  190  12:59  Roach x2  
  190  13:05  Roach x6  
  190  13:10  Roach x2  
  169  13:13  Roach x2  
  169  13:17  Roach  
  175  13:21  Roach  
  175  13:24  Baneling x4  
  175  13:25  Roach x2  
  181  13:28  Zergling x8  
  181  13:29  Hatchery  
  181  13:33  Corruptor x3  
  190  13:36  Corruptor x2  
  185  13:42  Corruptor x2  
  185  13:43  Hatchery  
  188  13:49  Zergling x14  
  192  13:56  Baneling x6  
  192  14:01  Extractor  
  189  14:14  Brood Lord  
  189  14:15  Brood Lord x6  
  200  14:18  Baneling x3  
  200  14:19  Baneling x2  
  196  14:25  Zergling x6  
  178  14:33  Zergling x30, Roach x3  
  171  14:42  Roach x3  
  172  14:47  Roach x4  
  163  15:05  Hatchery  
Tags
 
Add a new tag
Caveats
  • Supply blocks, unpowered buildings, or Contaminate may cause inaccurate times.
  • Supply counts are checked every 10 seconds.